 Dungeon Sprint DCSS version 0.15-a0-1015-g702813b (webtiles) character file.

6295 MDvedh the Bludgeoner (level 10, -4/84 HPs)
             Began as a Minotaur Fighter on May 26, 2014.
             Was the Champion of Vehumet.
             Killed by divine providence
             ... invoked by an orc priest
              (8 damage)
             ... in the Dungeon (Sprint IX: "|||||||||||||||||||||||||||||").
             The game lasted 00:06:37 (1512 turns).

MDvedh the Bludgeoner (Minotaur Fighter)            Turns: 1512, Time: 00:06:37

HP  -4/84        AC 13     Str 26      XL: 10   Next: 63%
MP  27/27        EV  9     Int  8      God: Vehumet [******]
Gold 10          SH  0     Dex 11      Spells:  3 memorised, 21 levels left

rFire  . . .     SeeInvis .     p - +4,+5 dire flail (protect)
rCold  . . .     Clarity  .     b - +0 scale mail
rNeg   . . .     Conserve .     (no shield)
rPois  .         rCorr    .     (helmet restricted)
rElec  .         rRot     .     v - +0 cloak
SustAb .         Spirit   .     (no gloves)
rMut   .         Warding  .     (no boots)
Gourm  .         NoTele   +     (no amulet)
MR     .....                    s - +3 ring of strength
                                r - +3 ring of strength

@: very slightly contaminated, not resistant to hostile enchantments, extremely
unstealthy
A: retaliatory headbutt, horns 2
a: Renounce Religion


You were in the Dungeon.
You worshipped Vehumet.
Vehumet was exalted by your worship.
You were not hungry.

You visited 1 branch You collected 10 gold pieces.

Inventory:

Hand weapons
 p - a +4,+5 dire flail of protection (weapon)
Armour
 b - a +0 scale mail (worn)
 v - a +0 cloak (worn)
Magical devices
 o - a wand of cold (7)
Comestibles
 d - 12 bread rations
 q - 40 strawberries
 u - 12 meat rations
Scrolls
 g - a scroll of identify
 k - 2 scrolls of blinking
 m - 4 scrolls of remove curse
 n - 2 scrolls of amnesia
 t - 4 scrolls of enchant armour
Jewellery
 r - a +3 ring of strength (left hand)
 s - a +3 ring of strength (right hand)
Potions
 c - a potion of cure mutation
 e - 2 potions of might
 f - 8 potions of curing
 h - a potion of haste
 i - 4 potions of magic
 l - a potion of invisibility


   Skills:
 - Level 6.5 Fighting
 - Level 15.3 Maces & Flails
 - Level 3.6 Armour
   Level 3.6 Shields
 - Level 10.7 Spellcasting
 + Level 11.7 Conjurations
 + Level 1.8 Air Magic


You had 21 spell levels left.
You knew the following spells:

 Your Spells              Type           Power        Failure   Level  Hunger
a - Shock                 Conj/Air       ###.         1%          1    None
b - Static Discharge      Conj/Air       ###.....     2%          3    ###....
c - Lightning Bolt        Conj/Air       ###.......   19%         5    #####..


Dungeon Overview and Level Annotations

Branches:
Dungeon (1/1)

Altars:
Cheibriados
Dithmenos
Elyvilon
Fedhas
Gozag
Kikubaaqudgha
Makhleb
Nemelex Xobeh
Okawaru
Qazlal
Sif Muna
Trog
Vehumet
Xom
Yredelemnul
Zin
The Shining One
Beogh
Jiyva
Lugonu


Innate Abilities, Weirdness & Mutations

You reflexively headbutt those who attack you in melee.
You have a pair of horns on your head.


Message History

The orc wizard mumbles some strange words.
The orc wizard seems to speed up.
You puncture the orc wizard!
You kill the orc wizard!
Vehumet accepts your kill.
Vehumet offers you knowledge of Delayed Fireball.
The orc closely misses you. You furiously retaliate!
You headbutt the orc.
An orc warrior comes into view. It is wielding a flail.
Items here: $ %% ) [ a dagger; a robe; an orc corpse; an orc corpse; 50 gold pieces Unknown command.
You hit the orc.
You kill the orc!
Vehumet accepts your kill.
The orc priest invokes the aid of Beogh against you.
Something smites you!
* * * LOW HITPOINT WARNING * * *
The orc priest invokes the aid of Beogh against you.
Something smites you!
You die...

▓_▓.▓%▓.▓.▓
▓_▓.▓%▓.▓o▓
▓_▓.▓%▓.▓.▓
▓_▓.▓%▓.▓o▓
▓_▓.▓.▓.▓o▓
▓_▓.▓.▓.▓o▓
▓'▓.▓.▓.▓o▓
▓.▓.▓.▓)▓)▓
▓.▓.▓.▓.▓@▓
▓.▓.▓(▓.▓)▓
▓.▓.▓}▓.▓)▓
▓.▓.▓.▓.▓)▓
▓%▓.▓.▓.▓.▓
▓.▓.▓.▓.▓.▓
▓.▓.▓.▓.▓.▓
▓.▓.▓.▓.▓.▓
▓.▓.▓.▓.▓.▓


You could see an orc warrior, 2 orc priests, an orc wizard and an orc.

Vanquished Creatures
  A dire elephant (D)
  A hill giant (D)
  7 elephants (D)
  A black mamba (D)
  A komodo dragon (D)
  A blink frog (D)
  A boulder beetle (D)
  2 wyverns (D)
  Eustachio (D)
  2 water moccasins (D)
  An orc warrior (D)
  A phantom (D)
  An ice beast (D)
  An ogre (D)
  A crocodile (D)
  A giant slug (D)
  4 giant frogs (D)
  A crimson imp (D)
  A quasit (D)
  3 orc wizards (D)
  An iron imp (D)
  2 orc priests (D)
  An iguana (D)
  A worker ant (D)
  A mummy (D)
  2 adders (D)
  A green rat (D)
  2 orcs (D)
  A giant cockroach (D)
  A hobgoblin (D)
  A kobold (D)
  2 quokkas (D)
  A ball python zombie (D)
  4 bats (D)
  A giant newt (D)
  2 goblins (D)
  A rat zombie (D)
58 creatures vanquished.

Vanquished Creatures (others)
  A water moccasin (D)
1 creature vanquished.

Grand Total: 59 creatures vanquished

Notes
Turn   | Place    | Note
--------------------------------------------------------------
     0 | D        | MDvedh, the Minotaur Fighter, began the quest for the Orb.
     0 | D        | Reached XP level 1. HP: 19/19 MP: 1/1
     8 | D        | Reached skill level 4 in Fighting
    69 | D        | Noticed a worker ant
    74 | D        | Reached skill level 5 in Fighting
    75 | D        | Reached XP level 2. HP: 26/29 MP: 1/1
    80 | D        | Killed a worker ant
    80 | D        | Reached skill level 6 in Fighting
    80 | D        | Reached skill level 5 in Maces & Flails
    80 | D        | Reached XP level 3. HP: 31/38 MP: 2/2
   135 | D        | Found a glowing silver altar of Zin.
   135 | D        | Found a glowing golden altar of the Shining One.
   135 | D        | Found an ancient bone altar of Kikubaaqudgha.
   135 | D        | Found a basalt altar of Yredelemnul.
   135 | D        | Found a shimmering altar of Xom.
   135 | D        | Found a radiant altar of Vehumet.
   135 | D        | Found an iron altar of Okawaru.
   136 | D        | Found a burning altar of Makhleb.
   137 | D        | Found a deep blue altar of Sif Muna.
   138 | D        | Found a bloodstained altar of Trog.
   139 | D        | Found a sparkling altar of Nemelex Xobeh.
   140 | D        | Found a white marble altar of Elyvilon.
   141 | D        | Found a roughly hewn altar of Beogh.
   142 | D        | Found a viscous altar of Jiyva.
   143 | D        | Became a worshipper of Vehumet
   144 | D        | Found a corrupted altar of Lugonu.
   145 | D        | Found a blossoming altar of Fedhas.
   146 | D        | Found a snail-covered altar of Cheibriados.
   147 | D        | Found a shadowy altar of Dithmenos.
   148 | D        | Found a stormy altar of Qazlal.
   149 | D        | Found an opulent altar of Gozag.
   194 | D        | Noticed a wyvern
   194 | D        | Noticed a quasit
   194 | D        | Noticed a phantom
   194 | D        | Noticed an ogre
   198 | D        | Killed an ogre
   198 | D        | Reached skill level 10 in Maces & Flails
   198 | D        | Reached XP level 4. HP: 45/45 MP: 2/2
   205 | D        | Killed a quasit
   205 | D        | Reached skill level 11 in Maces & Flails
   205 | D        | Reached XP level 5. HP: 45/51 MP: 2/2
   206 | D        | Acquired Vehumet's first power
   206 | D        | Offered knowledge of Shock by Vehumet.
   209 | D        | Killed a wyvern
   209 | D        | Reached skill level 14 in Maces & Flails
   209 | D        | Reached XP level 6. HP: 52/58 MP: 3/3
   222 | D        | Killed a phantom
   222 | D        | Reached skill level 15 in Maces & Flails
   225 | D        | Learned a level 1 spell: Shock
   230 | D        | Noticed an orc wizard
   230 | D        | Noticed an ice beast
   230 | D        | Noticed a komodo dragon
   230 | D        | Noticed a wyvern
   230 | D        | Noticed a hill giant
   230 | D        | Noticed a crimson imp
   235 | D        | Killed a crimson imp
   235 | D        | Offered knowledge of Freeze by Vehumet.
   235 | D        | Reached skill level 1 in Spellcasting
   235 | D        | Reached skill level 1 in Conjurations
   238 | D        | Killed a hill giant
   238 | D        | Reached XP level 7. HP: 64/64 MP: 4/13
   242 | D        | Killed a wyvern
   242 | D        | Acquired Vehumet's second power
   242 | D        | Reached skill level 5 in Conjurations
   242 | D        | Reached XP level 8. HP: 70/71 MP: 4/15
   246 | D        | Killed a komodo dragon
   246 | D        | Reached skill level 5 in Spellcasting
   250 | D        | Killed an ice beast
   253 | D        | Killed an orc wizard
   431 | D        | Noticed a giant slug
   431 | D        | Noticed an iguana
   431 | D        | Noticed a giant frog
   431 | D        | Noticed a water moccasin
   434 | D        | Killed a water moccasin
   434 | D        | Offered knowledge of Static Discharge by Vehumet.
   434 | D        | Acquired Vehumet's third power
   439 | D        | Killed a giant frog
   442 | D        | Killed an iguana
   446 | D        | Killed a giant slug
   447 | D        | Noticed a water moccasin
   450 | D        | Noticed a blink frog
   459 | D        | Killed a water moccasin
   461 | D        | Killed a blink frog
   461 | D        | Reached XP level 9. HP: 61/78 MP: 20/22
   583 | D        | Learned a level 3 spell: Static Discharge
   590 | D        | Noticed a giant frog
   590 | D        | Noticed a black mamba
   590 | D        | Noticed a boulder beetle
   590 | D        | Noticed a water moccasin
   590 | D        | Noticed a crocodile
   594 | D        | Killed a crocodile
   594 | D        | Offered knowledge of Airstrike by Vehumet.
   595 | D        | Killed a water moccasin
   597 | D        | Noticed a giant frog
   601 | D        | Noticed a giant frog
   607 | D        | Killed a boulder beetle
   610 | D        | Killed a black mamba
   612 | D        | Killed a giant frog
   617 | D        | Killed a giant frog
   620 | D        | Killed a giant frog
   832 | D        | Noticed an elephant
   832 | D        | Noticed an elephant
   832 | D        | Noticed an elephant
   832 | D        | Noticed an elephant
   832 | D        | Noticed an elephant
   832 | D        | Noticed an elephant
   832 | D        | Noticed an elephant
   844 | D        | Killed an elephant
   844 | D        | Offered knowledge of Stone Arrow by Vehumet.
   850 | D        | Killed an elephant
   854 | D        | Killed an elephant
   854 | D        | Reached skill level 10 in Conjurations
   865 | D        | Killed an elephant
   865 | D        | Reached XP level 10. HP: 40/84 MP: 25/25
   872 | D        | Killed an elephant
   882 | D        | Killed an elephant
   882 | D        | Reached skill level 10 in Spellcasting
   891 | D        | Killed an elephant
  1070 | D        | Noticed a dire elephant
  1084 | D        | Killed a dire elephant
  1084 | D        | Offered knowledge of Lightning Bolt by Vehumet.
  1091 | D        | Learned a level 5 spell: Lightning Bolt
  1393 | D        | Noticed Eustachio
  1409 | D        | Killed Eustachio
  1409 | D        | Reached skill level 1 in Air Magic
  1493 | D        | Noticed an orc wizard
  1493 | D        | Noticed an orc priest
  1493 | D        | Noticed an orc warrior
  1493 | D        | Noticed an orc priest
  1493 | D        | Noticed an orc wizard
  1497 | D        | Noticed an orc priest
  1497 | D        | Killed an orc priest
  1499 | D        | Killed an orc wizard
  1502 | D        | Killed an orc warrior
  1503 | D        | Noticed an orc priest
  1506 | D        | Noticed an orc wizard
  1506 | D        | Killed an orc priest
  1510 | D        | Killed an orc wizard
  1510 | D        | Offered knowledge of Delayed Fireball by Vehumet.
  1512 | D        | Noticed an orc warrior
  1512 | D        | HP: 4/84 [orc priest/divine providence (8)]
  1512 | D        | Killed from afar by an orc priest

Action                   |  1- 3 |  4- 6 |  7- 9 | 10-12 || total
-------------------------+-------+-------+-------+-------++-------
Melee: Flail             |    21 |       |       |       ||    21
       Dire flail        |     4 |    28 |    91 |    52 ||   175
 Cast: Static Discharge  |       |       |     2 |       ||     2
       Shock             |       |       |     1 |     4 ||     5
  Use: Potion            |       |     1 |     4 |     3 ||     8
       Scroll            |       |       |     6 |       ||     6
